 Dungeon Crawl Stone Soup version 0.24.0-37-gcf1ca852f1 (webtiles) character file.

Game seed: 1078206959909634805, levelgen mode: deterministic

151 PentaManta the Bolt Thrower (level 5, -6/34 HPs)
             Began as a Halfling Hunter on Dec 5, 2019.
             Mangled by a scorpion (8 damage)
             ... on level 4 of the Dungeon.
             The game lasted 00:04:52 (2665 turns).

PentaManta the Bolt Thrower (Halfling Hunter)       Turns: 2665, Time: 00:04:54

Health: -6/34      AC:  4    Str: 14    XL:     5   Next: 60%
Magic:  5/5        EV: 16    Int:  9    God:
Gold:   102        SH:  0    Dex: 15    Spells: 4/4 levels left

rFire    . . .     SeeInvis .   a - +1 hand crossbow
rCold    . . .     Gourm    .   (shield restricted)
rNeg     . . .     Faith    .   c - +0 leather armour
rPois    .         Spirit   .   (no helmet)
rElec    .         Reflect  .   r - +0 cloak
rCorr    .         Harm     .   (no gloves)
MR       .....                  (no boots)
Stlth    ++........             (no amulet)
HPRegen  0.11/turn              (no ring)
MPRegen  0.09/turn              (no ring)

@: lethally poisoned (-6 -> -14)
A: small, mutation resistance 1
a: no special abilities


You were on level 4 of the Dungeon.
You were very hungry.

You visited 1 branch of the dungeon, and saw 4 of its levels.

You collected 102 gold pieces.

Inventory:

Hand Weapons
 a - a +1 hand crossbow (weapon)
 b - a +0 short sword
 e - a +0 dagger
 w - a +0 rapier
Missiles
 g - 127 stones (quivered)
 n - 47 sling bullets
Armour
 c - a +0 leather armour (worn)
 r - a +0 cloak (worn)
 v - a +0 plate armour
Scrolls
 o - a scroll of fear {unknown}
 p - 3 scrolls of identify {unknown}
 s - a scroll of random uselessness {unknown}
 t - a scroll of enchant weapon {unknown}
Potions
 h - 2 potions of flight {unknown}
 i - 3 potions of haste {unknown}
 j - a potion of curing {unknown}
 k - a potion of brilliance {unknown}
 l - 3 potions of lignification {unknown}
 m - 4 potions of might {unknown}
 q - a potion of cancellation {unknown}
 u - a potion of berserk rage {unknown}
Comestibles
 f - 6 rations


   Skills:
 - Level 1.7 Fighting
 + Level 5.4 Crossbows
 + Level 3.8 Dodging
 + Level 3.4 Stealth


You had 4 spell levels left.
You didn't know any spells.
Your spell library contained the following spells:

 Spells                   Type           Power        Failure   Level  Hunger
 Summon Small Mammal      Summ           #...         45%         1    ##.....
 Call Imp                 Summ           #.......     61%         2    ###....
 Call Canine Familiar     Summ           #.......     83%         3    ####...
 Summon Guardian Golem    Hex/Summ       #.......     83%         3    ####...
 Summon Ice Beast         Ice/Summ       #.......     99%         4    #####..
 Summon Lightning Spire   Summ/Air       #.......     99%         4    #####..


Dungeon Overview and Level Annotations

Branches:
Dungeon (4/15)
 Temple: D:4-7

Altars:
Elyvilon

Annotations:
D:3 3 runed translucent doors, Bstoun's ghost, amateur HOFi; jaiteiro's ghost, amateur MiCK
D:4 1 runed translucent door, PentaManta's ghost, amateur VSFi


Innate Abilities, Weirdness & Mutations

You are small and have problems with some larger weapons.
You are somewhat resistant to further mutation.


Message History

The scorpion closely misses you. The scorpion misses you.
You see here 2 bolts.
d - 2 bolts The scorpion barely misses you.
Firing (i - inventory. (/) - cycle)
d - 2 bolts (quivered)
Press: ? - help, Shift-Dir - straight line, f/p - scorpion
Aim: a scorpion (severely wounded)
You shoot a bolt. The bolt barely misses the scorpion.
The scorpion stings you!
* * * LOW HITPOINT WARNING * * *
Firing (i - inventory. (/) - cycle)
d - a bolt (quivered)
Press: ? - help, Shift-Dir - straight line, f/p - scorpion
Aim: a scorpion (severely wounded)
You shoot a bolt. The bolt hits the scorpion.
The scorpion is almost dead.
The scorpion stings you.
* * * LOW HITPOINT WARNING * * *
You are lethally poisoned!
The scorpion poisons you! The scorpion stings you!
You die...

#########
#..##...##...##
#.......#.....#
#......)#.....+
#..##...#.....#
##..##.<.#.....#
#...##...##...#
#...##...##...#
#....#....@...###+#
#....#....s.......#
#...##...##.......#
##..#######...##..#
#### #.....##..#
#.....#....#
###....+....#
WSS+.#########
#####.


You could see a scorpion.

Vanquished Creatures
  A worker ant (D:4)
  3 adders
  An ooze (D:1)
  3 worms
  2 dart slugs
  5 leopard geckos
  13 giant cockroaches
  7 goblins
  6 hobgoblins
  7 jackals
  A quokka (D:3)
  7 bats
  4 frilled lizards
  9 kobolds
  6 rats
75 creatures vanquished.

Vanquished Creatures (others)
  A withered plant (D:3)
1 creature vanquished.

Grand Total: 76 creatures vanquished

Notes
Turn   | Place    | Note
-------+----------+-------------------------------------------
     0 | D:1      | PentaManta the Halfling Hunter began the quest for the Orb.
     0 | D:1      | Reached XP level 1. HP: 14/14 MP: 1/1
    62 | D:1      | Reached XP level 2. HP: 19/19 MP: 2/2
   363 | D:1      | Reached XP level 3. HP: 24/24 MP: 3/3
   942 | D:2      | Reached XP level 4. HP: 29/29 MP: 4/4
   992 | D:2      | Reached skill level 5 in Crossbows
  1768 | D:3      | Found a white marble altar of Elyvilon.
  1800 | D:3      | Reached XP level 5. HP: 34/34 MP: 5/5
  2284 | D:3      | Found a runed translucent gate.
  2284 | D:3      | Found a runed translucent gate.
  2284 | D:3      | Found a runed translucent gate.
  2284 | D:3      | Noticed Bstoun's ghost (amateur HOFi)
  2285 | D:3      | Noticed jaiteiro's ghost (amateur MiCK)
  2634 | D:4      | Found a runed translucent door.
  2637 | D:4      | Noticed PentaManta's ghost (amateur VSFi)
  2665 | D:4      | Mangled by a scorpion

Levels and vault maps discovered:
D:1:      minmay_arrival_jagged, layout_loops_ring,
          chequers_serial_rivers_small_b, minivault_4, minmay_worlds_worst_comb
D:2:      layout_basic, first_ration, minmay_misc_feat_rugged
D:3:      layout_basic, lemuel_doored_altar, gammafunk_ghost_cemetery
D:4:      layout_gridville, nicolae_overflow_crystal_walls,
          ebering_ghost_sewer_d, ebering_dispersal_statue_hall,
          uniq_crazy_yiuf_cottage

Skill      XL: |  1  2  3  4 |
---------------+-------------+-----
Stealth        | 2 3 |  3.4
Dodging        | 3 |  3.8
Crossbows      | 5 |  5.4
Fighting       | |  1.7

Action                   |  1- 3 |  4- 6 || total
-------------------------+-------+-------++-------
Melee: Short sword       |       |    54 ||    54
       Dagger            |       |    18 ||    18
 Fire: Hand crossbow     |    72 |    74 ||   146
Throw: Stone             |       |    21 ||    21
 Stab: Sleeping          |       |     2 ||     2
  Eat: Chunk             |       |     4 ||     4
Armor: Leather armour    |     3 |    14 ||    17
Dodge: Dodged            |    19 |   100 ||   119
